 Dungeon Crawl Stone Soup version 0.31-a0-237-g2d982f9f85 (webtiles) character file.

Game seed: 3562054687184075457

119 qw the Shooter (level 4, -28/36 HPs)
             Began as a Minotaur Hexslinger on July 11, 2023.
             Annihilated by an ogre
             ... wielding a +0 giant club
              (31 damage)
             ... on level 4 of the Dungeon.
             The game lasted 00:00:53 (2310 turns).

qw the Shooter (Minotaur Hexslinger)                Turns: 2310, Time: 00:00:54

Health: -28/36     AC:  5    Str: 13    XL:     4   Next: 73%
Magic:  4/4        EV: 11    Int: 10    God:
Gold:   65         SH:  0    Dex: 14    Spells: 4/5 levels left

rFire   + . .        Y - +1 sling
rCold   + . .        (no shield)
rNeg    . . .        j - +0 ring mail
rPois   .            (helmet restricted)
rElec   .            d - scarf {rC+ rF+}
rCorr   .            (no gloves)
SInv    .            (no boots)
Will    .....        (no amulet)
Stlth   +            (no ring)
HPRegen 0.26/turn    (no ring)
MPRegen 0.09/turn

%: no passive effects
@: no status effects
A: horns 2, retaliatory headbutt
a: no special abilities


You were on level 4 of the Dungeon.
You visited 1 branch of the dungeon, and saw 4 of its levels.

You collected 143 gold pieces.
You spent 78 gold pieces at shops.


Innate Abilities, Weirdness & Mutations

You have a pair of horns on your head.
You reflexively headbutt those who attack you in melee.


   Skills:
 + Level 2.0 Fighting
 - Level 5.1 Ranged Weapons
 - Level 1.0 Armour
 - Level 2.1 Dodging
 - Level 1.0 Spellcasting
 - Level 2.0 Hexes


You had 4 spell levels left.
You knew the following spells:

 Your Spells              Type           Power      Damage    Failure   Level
a - Slow                  Hex            16%        N/A       32%         1

Your spell library contained the following spells:

 Spells                   Type           Power      Damage    Failure   Level
 Inner Flame              Hex/Fire       2%         N/A       82%         3
 Portal Projectile        Hex/Tloc       4%         N/A       82%         3
 Cause Fear               Hex            2%         N/A       97%         4

Inventory:

Hand Weapons
 Y - a +1 sling (weapon)
Armour
 d - a scarf of resistance (worn)
 j - a +0 ring mail (worn)
 l - a +0 cloak
Scrolls
 c - a scroll of identify
 i - a scroll of enchant armour
Potions
 a - a potion of cancellation {unknown}
 f - a potion of enlightenment
 m - 2 potions of curing

Dungeon Overview and Level Annotations

Branches:
Dungeon (4/15)
 Temple: D:4-7

Altars:

Shops:
D:3 ::?


Message History

You kill the iguana!
Your Ranged Weapons skill increases to level 5!
You start resting.
HP restored.
Found an escape hatch in the floor.
Found a stone staircase leading down.
You now have 65 gold pieces (gained 10).
Found a stone staircase leading down.
a - a lumpy blue potion An ogre comes into view.
It is wielding a +0 giant club.
The ogre shouts!
You shoot a sling bullet.
The sling bullet hits the ogre but does no damage.
You shoot a sling bullet.
The sling bullet barely misses the ogre.
You shoot a sling bullet.
The sling bullet closely misses the ogre.
You shoot a sling bullet.
The sling bullet barely misses the ogre.
You shoot a sling bullet.
The sling bullet completely misses the ogre.
The ogre hits you with a +0 giant club.
You shoot a sling bullet.
The sling bullet barely misses the ogre.
The ogre hits you with a +0 giant club!!
Ouch! That really hurt!
2307 ||| DRINKING potion of heal wounds.
You feel much better.
You shoot a sling bullet. The sling bullet hits the ogre.
The ogre is lightly wounded.
The ogre hits you with a +0 giant club!
You shoot a sling bullet.
The sling bullet completely misses the ogre.
The ogre hits you with a +0 giant club!!
Ouch! That really hurt!
You shoot a sling bullet. The sling bullet hits the ogre!
The ogre is moderately wounded.
The ogre hits you with a +0 giant club!!
Ouch! That really hurt!
You die...

#..........###.
##..........#...
#...............##
.................#
........>........#
#.........# .#
###....##.# .# .. <
#....## ###.##.... ..#
####..###.@....... ....
##........O......
.....##...#..#......>.#
.......%.##..#.........
.........###.......#...
.......#<.#..##...## ..
.....###.....##.### #
#.... #........# #...
.....#...#


You could see an ogre.

Vanquished Creatures
  An iguana (D:4)
  2 adders
  A worm (D:3)
  3 dart slugs
  5 endoplasms
  4 giant cockroaches
  4 goblins
  5 hobgoblins
  3 jackals (D:1)
  5 kobolds
  4 quokkas
  9 ball pythons
  5 bats
  3 frilled lizards
  10 rats
64 creatures vanquished.

Notes
Turn   | Place    | Note
-------+----------+-------------------------------------------
     0 | D:1      | qw the Minotaur Hexslinger began the quest for the Orb.
     0 | D:1      | Reached XP level 1. HP: 16/16 MP: 1/1
     0 | D:1      | 0 ||| qw: Version: 0.3-a-52-g30416fa
     0 | D:1      | 0 ||| qw: Game counter: 5823
     0 | D:1      | 0 ||| qw: Melee chars always use a shield: true
     0 | D:1      | 0 ||| qw: God list: Okawaru
     0 | D:1      | 0 ||| qw: Allow faded altars: false
     0 | D:1      | 0 ||| qw: Do Orc after clearing Dungeon:15 true
     0 | D:1      | 0 ||| qw: Do second Lair branch before Depths: true
     0 | D:1      | 0 ||| qw: Lair rune preference: random
     0 | D:1      | 0 ||| qw: Goals: Normal
     0 | D:1      | 0 ||| PLANNING D:1-11
    67 | D:1      | Reached skill level 3 in Ranged Weapons
    70 | D:1      | Reached XP level 2. HP: 16/23 MP: 2/2
   307 | D:1      | Reached XP level 3. HP: 29/29 MP: 3/3
   634 | D:1      | 634 ||| UPGRADING to +0 leather armour.
   644 | D:1      | 644 ||| DROPPING +0 robe.
   645 | D:1      | 645 ||| READING scroll labelled XYLY ELICHOGET.
   646 | D:1      | 646 ||| DROPPING scroll of poison.
   771 | D:2      | Reached skill level 4 in Ranged Weapons
  1270 | D:2      | 1270 ||| UPGRADING to scarf of resistance.
  1275 | D:2      | 1275 ||| UPGRADING to +0 ring mail.
  1285 | D:2      | 1285 ||| DROPPING +0 leather armour.
  1286 | D:2      | 1286 ||| READING scroll labelled WUMPUO AMONOC.
  1339 | D:2      | 1339 ||| READING 2 scrolls labelled MARIDU BOSINT.
  1340 | D:2      | 1340 ||| READING 2 scrolls labelled FYEGETWOLU.
  1341 | D:2      | 1341 ||| READING scroll labelled VYBRYA KOLIU.
  1342 | D:2      | 1342 ||| DRINKING 2 murky golden potions.
  1343 | D:2      | 1343 ||| DROPPING scroll of noise.
  1409 | D:3      | Reached XP level 4. HP: 36/36 MP: 4/4
  1487 | D:3      | Reached skill level 1 in Armour
  1539 | D:3      | Found Naerutri's Magic Scroll Shop.
  1548 | D:3      | 1548 ||| BUYING scroll of identify (26 gold).
  1548 | D:3      | Bought a scroll of identify for 26 gold pieces
  1548 | D:3      | 1548 ||| BUYING scroll of identify (26 gold).
  1548 | D:3      | Bought a scroll of identify for 26 gold pieces
  1548 | D:3      | 1548 ||| BUYING scroll of identify (26 gold).
  1548 | D:3      | Bought a scroll of identify for 26 gold pieces
  1548 | D:3      | 1548 ||| SHOPLISTING scroll of teleportation (39 gold, have
                  | 29).
  1686 | D:3      | Found a faded altar of an unknown god.
  1690 | D:3      | Found Deozel's Book Emporium.
  1712 | D:3      | Found Nuaju's Book Shop.
  2178 | D:3      | 2178 ||| READING scroll labelled NERCHU LIAS.
  2179 | D:3      | 2179 ||| READING scroll labelled KEKHYKKAVVU.
  2180 | D:3      | 2180 ||| READING scroll labelled JOCAUH ONERGHU.
  2181 | D:3      | 2181 ||| DRINKING 3 green potions.
  2182 | D:3      | 2182 ||| READING 5 scrolls of identify.
  2182 | D:3      | 2182 ||| IDENTIFYING clear potion
  2183 | D:3      | 2183 ||| READING 4 scrolls of identify.
  2183 | D:3      | 2183 ||| IDENTIFYING viscous pink potion
  2184 | D:3      | 2184 ||| READING 3 scrolls of identify.
  2184 | D:3      | 2184 ||| IDENTIFYING fuming inky potion
  2185 | D:3      | 2185 ||| READING 2 scrolls of identify.
  2185 | D:3      | 2185 ||| IDENTIFYING cyan potion
  2186 | D:3      | 2186 ||| DROPPING potion of attraction.
  2187 | D:3      | 2187 ||| DROPPING potion of lignification.
  2188 | D:3      | 2188 ||| DROPPING potion of degeneration.
  2223 | D:4      | Reached skill level 5 in Ranged Weapons
  2300 | D:4      | Noticed an ogre
  2306 | D:4      | HP: 9/36 [ogre/+0 giant club (25)]
  2307 | D:4      | 2307 ||| DRINKING potion of heal wounds.
  2309 | D:4      | HP: 2/36 [ogre/+0 giant club (20)]
  2310 | D:4      | Annihilated by an ogre

Levels and vault maps discovered:
D:1:      elethiomel_arrival_infinity_welcomes_careful_drivers, layout_rooms,
          serial_bayou_pond_b
D:2:      layout_basic, serial_corexii_hall, chequers_hall_statues_wall_a,
          corexii_hall_statues_x
D:3:      layout_basic, shapermc_ecumenical_altar_mp_highgroup, serial_shops,
          nicolae_shop_tiny_statue_garden, shop, nicolae_book_shop_shelving,
          chequers_serial_rivers_micro_d, minmay_close_crescents
D:4:      minmay_chambers_of_twos, layout_cave_pools, grunt_gozag_statues,
          uniq_natasha

Skill      XL: |  1  2  3  4 |
---------------+-------------+-----
Ranged Weapons | 3 4 5 |  5.1
Fighting       | 2 |  2.0
Armour         | 1 |  1.0
Dodging        | |  2.1
Spellcasting   | |  1.0
Hexes          | |  2.0

Action                     |  1- 3 |  4- 6 || total
---------------------------+-------+-------++-------
   Fire: Sling             |   126 |    63 ||   189
    Use: Scroll            |     5 |     7 ||    12
         Potion            |     1 |     2 ||     3
 Armour: Robe              |    10 |       ||    10
         Leather armour    |     2 |       ||     2
         Ring mail         |       |    10 ||    10
  Dodge: Dodged            |    29 |    16 ||    45

Table legend:
 A = Non-vault XP
 B = Vault XP
 C = Vault XP percentage of total XP
 D = Non-vault monster count
 E = Vault monster count
 F = Vault count percentage of total count
                 A         B        C        D         E       F
            +---------+---------+-------+---------+---------+-------
      Total |     157 |      13 |   7.6 |      54 |      10 |  15.6
            +---------+---------+-------+---------+---------+-------
        D:1 |      41 |       8 |  16.3 |      24 |       7 |  22.6
        D:2 |      46 |       0 |   0.0 |      17 |       0 |   0.0
        D:3 |      34 |       5 |  12.8 |      12 |       3 |  20.0
        D:4 |      36 |       0 |   0.0 |       1 |       0 |   0.0
            +---------+---------+-------+---------+---------+-------
